 Dungeon Sprint DCSS version 0.26-a0-712-ga5a9c9c9d0 (webtiles) character file.

Game seed: 6434701654183797094

43041 mhtbhm the Executioner (level 13, -9/143 HPs)
             Began as a Minotaur Fighter on Oct 31, 2020.
             Was the Champion of Trog.
             Killed from afar by a white draconian (35 damage)
             ... with a chilling blast
             ... in the Dungeon (Sprint VII: "The Pits").
             The game lasted 00:13:27 (4807 turns).

mhtbhm the Executioner (Minotaur Fighter)           Turns: 4807, Time: 00:13:28

Health: -9/143     AC: 21    Str: 36    XL:     13   Next: 88%
Magic:  12/12      EV: 15    Int:  5    God:    Trog [******]
Gold:   32         SH: 17    Dex:  9    Spells: 12/12 levels left

rFire    + + .     SeeInvis .   a - +5 broad axe "Ychuf" {flame, rF++ Str+6 Stlth-}
rCold    . . .     Faith    .   c - +0 kite shield
rNeg     . . .     Spirit   .   b - +4 scale mail
rPois    .         Reflect  .   u - +0 hat
rElec    .         Harm     .   s - +0 cloak
rCorr    .         Rampage  .   (no gloves)
MR       .....     NoTele   +   r - +0 pair of boots
Stlth    +.........             (no amulet)
HPRegen  0.33/turn              n - +3 ring of strength
MPRegen  0.13/turn              o - +3 ring of protection

@: lethally poisoned (-9 -> -10), berserk cooldown, very slightly contaminated,
slowed, very slow
A: retaliatory headbutt, horns 2
a: Berserk, Trog's Hand, Brothers in Arms, Renounce Religion


You were in the Dungeon.
You worshipped Trog.
Trog was exalted by your worship.
You visited 1 branch You collected 32 gold pieces.

Inventory:

Hand Weapons
 a - the +5 broad axe "Ychuf" (weapon) {flame, rF++ Str+6 Stlth-}
   (Trog gifted it to you in the Dungeon)

   It has been specially enchanted to burn those struck by it, causing extra
   injury to most foes and up to half again as much damage against particularly
   susceptible opponents.
   Big, fiery blades are also staple armaments of hydra-hunters.
   It affects your strength (+6).
   It greatly protects you from fire.
   It makes you less stealthy.
 t - the +11 war axe "Vunacipo" {vorpal, rPois Str+7 Int+3}
   (Trog gifted it to you in the Dungeon)

   It inflicts extra damage upon your enemies.
   It affects your strength (+7).
   It affects your intelligence (+3).
   It protects you from poison.
Missiles
 J - 13 silver javelins (quivered)
Armour
 b - a +4 scale mail (worn)
 c - a +0 kite shield (worn)
 r - a +0 pair of boots (worn)
 s - a +0 cloak (worn)
 u - a +0 hat (worn)
Jewellery
 n - a +3 ring of strength (left hand)
 o - a +3 ring of protection (right hand)
 B - an uncursed ring of protection from magic
 C - an uncursed amulet of magic regeneration
 G - an uncursed ring of ice
 H - an uncursed ring of stealth
 I - a +6 ring of dexterity
Scrolls
 j - a scroll of blinking
 l - 4 scrolls of remove curse
 m - a scroll of summoning
 v - 2 scrolls of enchant weapon
 w - a scroll of fear
 x - 4 scrolls of identify
 y - 6 scrolls of enchant armour
 A - a scroll of fog
Potions
 d - a potion of might
 e - 7 potions of curing
 f - 10 potions of heal wounds
 g - 3 potions of haste
 h - 4 potions of magic
 i - 4 potions of berserk rage
 k - a potion of invisibility
 p - 2 potions of stabbing
 q - 4 potions of mutation
 z - a potion of resistance
 D - 2 potions of flight
Miscellaneous
 E - a phantom mirror
 F - a condenser vane (2/2)
 K - a box of beasts (3/3)


   Skills:
 + Level 21.1 Fighting
 + Level 22.5 Axes
 + Level 18.0 Armour
 + Level 10.0 Dodging
 + Level 7.0 Stealth
 + Level 20.2 Shields
 + Level 2.5 Evocations


You had 12 spell levels left.
You didn't know any spells.
Your spell library was empty.

Dungeon Overview and Level Annotations

Branches:
Dungeon (1/1)

Altars:
Cheibriados
Dithmenos
Elyvilon
Fedhas
Gozag
Hepliaklqana
Makhleb
Nemelex Xobeh
Okawaru
Qazlal
Ru
Sif Muna
Trog
Vehumet
Wu Jian
Xom
Yredelemnul
Zin
The Shining One
Beogh
Jiyva
Lugonu


Innate Abilities, Weirdness & Mutations

You reflexively headbutt those who attack you in melee.
You have a pair of horns on your head.


Message History

Your deep troll claws the naga warrior!
The wind drake bites you. You block the white draconian's attack.
Things that are here:
a +1 long sword of freezing; a +0 chain mail You barely miss the white draconian.
You headbutt the white draconian!
The white draconian is lightly wounded.
You slash the yaktaur captain! You burn the yaktaur captain.
You slice the wind drake!! You burn the wind drake.
Your deep troll barely misses the naga warrior.
Your deep troll claws the naga warrior.
Your deep troll closely misses the naga warrior.
The yaktaur captain hits you!!
* * * LOW HITPOINT WARNING * * *
The wind drake bites you!
* * * LOW HITPOINT WARNING * * *
The naga warrior barely misses you.
Your deep troll bites the naga warrior!
Your deep troll claws the naga warrior.
Your deep troll claws the naga warrior!
The white draconian breathes frost at you.
The chilling blast hits you!!
You die...

##)'####''#######################
..)...##.........................
.#'##.##.............ยง...........
.#.)+.##..##############'(#######
+))#.##..# +...+ #.....)..#
#.:'.##..# #...# #........#
+:.#.##..####..N#######)(####
##+#.##..#....ckT..#..)))...#.
##..#....d@......)()......
#..#.........#.)......#..
########).##+###+##)####..#### #
..........# #.# #### ..........#
#.+ ########### ### ##
#################
..###...##....##.....#
...#...##......##....#


You could see a naga warrior (catching breath), a white draconian (catching
breath), a yaktaur captain, a wind drake (repels missiles) and a friendly deep
troll (summoned, berserk).

Vanquished Creatures
  A pearl dragon (D)
  An electric golem (D)
  An Ice Fiend (D)
  A quicksilver dragon (D)
  Gastronok (D)
  An orc warlord (D)
  An emperor scorpion (D)
  A deep elf demonologist (D)
  A minotaur (D)
  An eidolon (D)
  2 hydras (D)
  A vault guard (D)
  A merfolk avatar (D)
  2 hell hogs (D)
  A vampire mage (D)
  A sixfirhy (D)
  3 skeletal warriors (D)
  A flayed ghost (D)
  3 large abominations (D)
  A swamp dragon (D)
  A wizard (D)
  6 orc knights (D)
  A lindwurm (D)
  An orc sorcerer (D)
  An ugly thing (D)
  A manticore (D)
  6 elephants (D)
  2 black mambas (D)
  2 molten gargoyles (D)
  2 gargoyles (D)
  An orange demon (D)
  A freezing wraith (D)
  A demonic crawler (D)
  A kobold demonologist (D)
  3 ice devils (D)
  2 tyrant leeches (D)
  A troll (D)
  A polar bear (D)
  4 blink frogs (D)
  A raiju (shapeshifter) (D)
  A bog body (D)
  2 redbacks (D)
  4 yaks (D)
  3 spriggans (D)
  A basilisk (D)
  A vampire (D)
  A neqoxec (D)
  A fire bat (D)
  A warg (D)
  Edmund (D)
  A floating eye (D)
  An orc warrior (D)
  A black bear (shapeshifter) (D)
  A sky beast (D)
  2 necrophages (D)
  A black bear (D)
  A phantom (D)
  A wolf (D)
  An ogre (D)
  5 centaurs (D)
  Blork the orc (D)
  A big kobold (D)
  A bullfrog (D)
  5 killer bees (D)
  A jelly (D)
  2 orc priests (D)
  2 orc wizards (D)
  A gnoll shaman (D)
  A worker ant (D)
  Ijyb (D)
  5 gnolls (D)
  An adder (D)
  A river rat (D)
  A white imp (D)
  An ooze (D)
  A worm (D)
  2 orcs (D)
  2 hobgoblins (D)
  4 kobolds (D)
  A ball python skeleton (D)
131 creatures vanquished.

Vanquished Creatures (collateral kills)
  An orc warlord (D)
  Snorg (D)
  A vault guard (D)
  A naga warrior (D)
  A hell hog (D)
  A spriggan (D)
  4 orc knights (D)
  A deep elf mage (D)
  A hornet (D)
  An air elemental (D)
13 creatures vanquished.

Vanquished Creatures (others)
  An orc (D)
1 creature vanquished.

Grand Total: 145 creatures vanquished

Notes
Turn   | Place    | Note
-------+----------+-------------------------------------------
     0 | D        | mhtbhm the Minotaur Fighter began the quest for the Orb.
     0 | D        | Reached XP level 1. HP: 19/19 MP: 0/0
    14 | D        | Reached XP level 2. HP: 28/28 MP: 1/1
    19 | D        | Found a bloodstained altar of Trog.
    19 | D        | Found a shimmering blue altar of Sif Muna.
    19 | D        | Found a viscous altar of Jiyva.
    19 | D        | Found a hazy altar of Hepliaklqana.
    19 | D        | Found an opulent altar of Gozag.
    20 | D        | Found a glowing golden altar of the Shining One.
    20 | D        | Found a glowing silver altar of Zin.
    20 | D        | Found a basalt altar of Yredelemnul.
    20 | D        | Found a shimmering altar of Xom.
    20 | D        | Found an ornate altar of the Wu Jian Council.
    20 | D        | Found a sacrificial altar of Ru.
    20 | D        | Found a stormy altar of Qazlal.
    20 | D        | Found an iron altar of Okawaru.
    20 | D        | Found a sparkling altar of Nemelex Xobeh.
    20 | D        | Found a burning altar of Makhleb.
    20 | D        | Found a blossoming altar of Fedhas.
    20 | D        | Found a white marble altar of Elyvilon.
    20 | D        | Found a shadowy altar of Dithmenos.
    20 | D        | Found a snail-covered altar of Cheibriados.
    22 | D        | Found a radiant altar of Vehumet.
    22 | D        | Found a corrupted altar of Lugonu.
    22 | D        | Found a roughly hewn altar of Beogh.
    24 | D        | Became a worshipper of Trog the Wrathful
    70 | D        | Noticed a floating eye
    72 | D        | Reached * piety under Trog
    73 | D        | Paralysed by a floating eye for 2 turns
    76 | D        | Killed a floating eye
    76 | D        | Reached skill level 4 in Axes
    76 | D        | Reached XP level 3. HP: 39/39 MP: 2/2
    76 | D        | Reached XP level 4. HP: 47/47 MP: 3/3
   182 | D        | Noticed a big kobold
   185 | D        | Reached ** piety under Trog
   189 | D        | Killed a big kobold
   189 | D        | Reached skill level 5 in Axes
   189 | D        | Reached XP level 5. HP: 53/53 MP: 4/4
   253 | D        | Noticed Ijyb
   253 | D        | Noticed Blork the orc
   272 | D        | Reached *** piety under Trog
   277 | D        | Killed Blork the orc
   277 | D        | Reached skill level 6 in Axes
   277 | D        | Reached XP level 6. HP: 63/63 MP: 5/5
   282 | D        | Killed Ijyb
   344 | D        | Reached **** piety under Trog
   344 | D        | Reached skill level 7 in Axes
   352 | D        | Reached skill level 8 in Axes
   352 | D        | Reached skill level 10 in Shields
   461 | D        | Noticed a fire bat
   461 | D        | Noticed Edmund
   469 | D        | Reached XP level 7. HP: 69/70 MP: 6/6
   471 | D        | Killed Edmund
   471 | D        | Reached ***** piety under Trog
   471 | D        | Reached skill level 10 in Fighting
   471 | D        | Reached skill level 9 in Axes
   471 | D        | Reached skill level 10 in Armour
   473 | D        | Killed a fire bat
   629 | D        | Noticed a wizard
   629 | D        | Noticed a manticore
   632 | D        | Paralysed by a wizard for 4 turns
   638 | D        | Killed a wizard
   638 | D        | Reached skill level 11 in Axes
   638 | D        | Reached skill level 1 in Dodging
   638 | D        | Reached XP level 8. HP: 29/81 MP: 7/7
   641 | D        | Killed a manticore
   641 | D        | Reached skill level 12 in Axes
   951 | D        | Noticed a molten gargoyle
   962 | D        | Killed a molten gargoyle
   962 | D        | Received a gift from Trog
   962 | D        | Reached skill level 13 in Axes
   962 | D        | Reached XP level 9. HP: 43/89 MP: 8/8
  1203 | D        | Got a translucent war axe {god gift}
  1204 | D        | Identified the +11 war axe "Vunacipo" {vorpal, rPois Str+7
                  | Int+3} (Trog gifted it to you in the Dungeon)
  1313 | D        | Noticed an ice devil
  1313 | D        | Noticed a seven-headed hydra
  1320 | D        | Killed an 11-headed hydra
  1320 | D        | Reached skill level 14 in Axes
  1323 | D        | Killed an ice devil
  1429 | D        | Noticed a tyrant leech
  1444 | D        | Killed a tyrant leech
  1548 | D        | Noticed a large abomination
  1558 | D        | Killed a large abomination
  1558 | D        | Reached skill level 15 in Axes
  1598 | D        | Reached ****** piety under Trog
  1598 | D        | Reached XP level 10. HP: 99/99 MP: 9/9
  1613 | D        | Noticed a vampire mage
  1619 | D        | Received a gift from Trog
  1623 | D        | Killed a vampire mage
  1623 | D        | Reached skill level 1 in Stealth
  1623 | D        | Reached skill level 16 in Axes
  1774 | D        | Noticed an electric golem
  1778 | D        | Killed an electric golem
  1778 | D        | Reached skill level 17 in Axes
  1778 | D        | Reached skill level 15 in Armour
  1941 | D        | Noticed an Ice Fiend
  1950 | D        | Killed an Ice Fiend
  1950 | D        | Reached skill level 15 in Shields
  1950 | D        | Reached XP level 11. HP: 82/110 MP: 10/10
  2605 | D        | Noticed a quicksilver dragon
  2611 | D        | Killed a quicksilver dragon
  2611 | D        | Reached skill level 15 in Fighting
  2611 | D        | Reached skill level 18 in Axes
  2611 | D        | Reached skill level 5 in Dodging
  2784 | D        | Received a gift from Trog
  2986 | D        | Received a gift from Trog
  2997 | D        | Reached skill level 19 in Axes
  3003 | D        | Received a gift from Trog
  3019 | D        | Got a steaming broad axe {god gift}
  3020 | D        | Identified the +5 broad axe "Ychuf" {flame, rF++ Str+6
                  | Stlth-} (Trog gifted it to you in the Dungeon)
  3078 | D        | Noticed a lindwurm
  3078 | D        | Noticed a deep elf demonologist
  3082 | D        | Received a gift from Trog
  3084 | D        | Killed a deep elf demonologist
  3084 | D        | Reached XP level 12. HP: 123/123 MP: 11/11
  3143 | D        | Received a gift from Trog
  3149 | D        | Noticed Gastronok
  3154 | D        | Received a gift from Trog
  3156 | D        | Noticed an emperor scorpion
  3159 | D        | Received a gift from Trog
  3161 | D        | Reached skill level 20 in Axes
  3165 | D        | Received a gift from Trog
  3172 | D        | Killed an emperor scorpion
  3180 | D        | Killed Gastronok
  3804 | D        | Received a gift from Trog
  3821 | D        | Received a gift from Trog
  3821 | D        | Reached skill level 21 in Axes
  3996 | D        | Noticed a merfolk avatar
  4001 | D        | Reached XP level 13. HP: 136/136 MP: 12/12
  4006 | D        | Received a gift from Trog
  4016 | D        | Noticed an eidolon
  4026 | D        | Received a gift from Trog
  4026 | D        | Killed an eidolon
  4027 | D        | Noticed a minotaur
  4050 | D        | Noticed Snorg
  4053 | D        | Killed a minotaur
  4057 | D        | Killed Snorg
  4059 | D        | Received a gift from Trog
  4059 | D        | Reached skill level 1 in Evocations
  4116 | D        | Received a gift from Trog
  4489 | D        | Noticed a pearl dragon
  4495 | D        | Killed a pearl dragon
  4495 | D        | Reached skill level 22 in Axes
  4770 | D        | Noticed an orc warlord
  4771 | D        | Noticed an orc warlord
  4778 | D        | Reached skill level 5 in Stealth
  4785 | D        | Killed an orc warlord
  4789 | D        | Received a gift from Trog
  4794 | D        | Killed an orc warlord
  4797 | D        | Reached skill level 10 in Dodging
  4802 | D        | Noticed a white draconian
  4807 | D        | Killed from afar by a white draconian

Illustrated notes

Levels and vault maps discovered:
D:        pitsprint [storerooms_1, entrance_room_1, metal_vault_6, armoury_2,
          mini_pit_1, grid_room_1, main_hall_1, silver_pit, the_coven_3,
          the_vestibule_1, steel_vault_1, golden_pit, hallway_of_sentries,
          crystal_vault_2, iron_vault_4, final_vault]

Skill      XL: |  1  2  3  4  5  6  7  8  9 10 11 12 13 |
---------------+----------------------------------------+-----
Fighting       | 4 7 8 9 11 12 14 16 18 21 | 21.1
Armour         | 4 7 8 9 11 12 13 15 16 17 18 | 18.0
Shields        | 4 7 8 9 10 11 12 13 15 16 18 20 | 20.2
Axes           | 4 5 6 8 11 13 15 17 19 21 22 | 22.5
Dodging        | 1 2 4 6 7 10 | 10.0
Stealth        | 2 4 7 |  7.0
Evocations     | 2 |  2.5

Action                   |  1- 3 |  4- 6 |  7- 9 | 10-12 | 13-15 || total
-------------------------+-------+-------+-------+-------+-------++-------
Melee: War axe           |     2 |       |    18 |    62 |       ||    82
       Hand axe          |     9 |    45 |    12 |       |       ||    66
       Headbutt          |     1 |     5 |    12 |    34 |    22 ||    74
       Broad axe         |       |       |     8 |    78 |    66 ||   152
Invok: Berserk           |       |     2 |     4 |     7 |     2 ||    15
       Brothers in Arms  |       |       |       |       |     5 ||     5
Evoke: Condenser vane    |       |       |       |     1 |     3 ||     4
  Use: Potion            |       |       |       |     1 |     4 ||     5
 Stab: Invisible         |       |       |       |       |     9 ||     9
       Distracted        |       |       |       |       |     2 ||     2
       Confused          |       |       |       |       |     1 ||     1
Armor: Scale mail        |     1 |     4 |     9 |    53 |    16 ||    83
       Chain mail        |       |    11 |    13 |       |       ||    24
Dodge: Dodged            |     3 |    11 |    11 |    45 |    23 ||    93
Block: Kite shield       |     4 |    17 |    22 |   101 |    46 ||   190

Table legend: (Time is in decaauts)
 A = Elapsed time spent in this place.
 B = Non-inter-level travel time spent in this place.
 C = Inter-level travel time spent in this place.
 D = Time resting spent in this place.
 E = Time spent auto-exploring this place.
 F = Levels seen in this place.
 G = Mean time per level.
                   A        B        C        D        E       F      G
               +--------+--------+--------+--------+--------+-----+--------+
         Total |   4858 |   4858 |      0 |   3298 |     33 |   1 | 4858.0 |
       Dungeon |   4858 |   4858 |      0 |   3298 |     33 |   1 | 4858.0 |
               +--------+--------+--------+--------+--------+-----+--------+

Top non-repeatable levels by time:
       D: 4858 daAuts
